 Dungeon Crawl Stone Soup version 0.18-a0-1805-g8ab820f (webtiles) character file.

82 epen the Ruffian (level 4, -3/66 HPs)
             Began as a Troll Monk on Apr 25, 2016.
             Killed from afar by an orc wizard (7 damage)
             ... with a puff of frost
             ... on level 2 of the Dungeon.
             The game lasted 00:02:16 (1018 turns).

epen the Ruffian (Troll Monk)                       Turns: 1018, Time: 00:02:16

Health: -3/66      AC: 22    Str: 19    XL:     4   Next: 21%
Magic:  3/3        EV:  1    Int:  7    God:
Gold:   149        SH:  0    Dex: 12    Spells: 0 memorised, 3 levels left

rFire  . . .     SeeInvis .       - Unarmed
rCold  . . .     Gourm    +     (armour currently unavailable)
rNeg   + + +     Faith    .     (no shield)
rPois  +         Spirit   .     (helmet currently unavailable)
rElec  .         Dismiss  .     (cloak currently unavailable)
rCorr  .         Reflect  .     (gloves unavailable)
SustAt .         Harm     .     (boots unavailable)
MR     .....     NoTele   +     (no amulet)
Stlth  ++........               (no ring)
                                (no ring)

@: tree-form, slowed, very slow, not resistant to hostile enchantments,
unstealthy
A: unfitting armour, (claws 0), fast metabolism 3, gourmand, regeneration 2,
(shaggy fur 0), (tough skin 0)
a: no special abilities


You were on level 2 of the Dungeon.
You were not hungry.
You were a tree.
You visited 1 branch of the dungeon, and saw 3 of its levels.

You collected 149 gold pieces.

Inventory:

Armour
 a - a +0 robe (melded)
Scrolls
 c - 2 scrolls of random uselessness {unknown}
 d - a scroll of teleportation {unknown}
 e - a scroll of fog {unknown}
 g - 2 scrolls of noise {unknown}
 i - 2 scrolls of identify {unknown}
 k - a scroll of magic mapping {unknown}
 l - a scroll of enchant weapon {unknown}
Potions
 f - a potion of brilliance {unknown}
 j - a potion of lignification
 m - a potion of curing {unknown}
 o - a potion of ambrosia {unknown}
Comestibles
 b - 3 bread rations
 h - 2 fruits
 n - a beef jerky
 p - a royal jelly


   Skills:
 + Level 2.8 Fighting
 * Level 3.3 Dodging
 - Level 1.1 Stealth
 * Level 4.6 Unarmed Combat


You had 3 spell levels left.
You didn't know any spells.

Dungeon Overview and Level Annotations

Branches:
Dungeon (3/15)

Altars:
Qazlal


Innate Abilities, Weirdness & Mutations

You are too large for most types of armour.
((You have claws for hands.))
Your metabolism is lightning-fast.
You like to eat raw meat.
You heal very quickly.
((You are covered in fur (AC +1).))
((You have very tough skin (AC +2).))


Message History

You hear some strange, mumbled words.
A magic dart appears from out of thin air!
The magic dart hits you!
* * * LOW HITPOINT WARNING * * *
The orc wizard gestures at you while chanting.
The magic dart hits you!
* * * LOW HITPOINT WARNING * * *
You climb upwards.
There is a stone staircase leading down, spattered with blood here.
You claw something! Something hits you.
* * * LOW HITPOINT WARNING * * *
Drink which item? (? for menu, Esc to quit)
It was a potion of lignification.
You turn into a tree.
Your +0 robe melds into your body.
Your roots penetrate the ground.
Something hits you but does no damage.
You barely miss something.
You hear some strange, mumbled words.
A puff of frost appears from out of thin air!
The puff of frost hits you!
You die...

#........#
#############.#####.##
#........#.....# #.#
#.######.#.##..# #.# #.#
#.#.....# #.# #.# ####.#.....#
#.## ## #.#
#....##.#..####..##### #. #.#
#.......#............####.
##.###...#####♣..............'.
#.(..'...'.....{.####.#.#.#.##.
######...#...#...# #.#...#.##.
#...#...#...####[#...#.##.
#...#...#........#..<#.##.
#...#...#.#.##.......#.##.
#...#...#.#.##.####.##.###
#...#...#.#.##.#.....#.###
#####...#.#.##.#.......)).


There were no monsters in sight!

Vanquished Creatures
  Robin (D:2)
  4 adders (D:2)
  2 worms (D:2)
  A giant gecko (D:2)
  3 orcs (D:3)
  A giant cockroach (D:1)
  6 goblins (D:2)
  4 hobgoblins
  A bat (D:1)
  2 kobolds
  4 rats
29 creatures vanquished.

Notes
Turn   | Place    | Note
--------------------------------------------------------------
     0 | D:1      | epen the Troll Monk began the quest for the Orb.
     0 | D:1      | Reached XP level 1. HP: 22/22 MP: 0/0
   211 | D:1      | Reached XP level 2. HP: 29/29 MP: 1/1
   528 | D:2      | Found a stormy altar of Qazlal.
   557 | D:2      | Noticed Robin
   558 | D:2      | Reached XP level 3. HP: 34/36 MP: 2/2
   566 | D:2      | Killed Robin
   951 | D:2      | Reached XP level 4. HP: 40/44 MP: 3/3
  1016 | D:2      | HP: 2/44 [something (3)]
  1018 | D:2      | Killed from afar by an orc wizard

Vault maps used:
D:1:      roderic_chinese_lattice_arrival
D:2:      grunt_qazlal_sundering, uniq_robin
D:3:      uniq_terence

Skill      XL: |  1  2 |
---------------+-------+-----
Dodging        | 3 |  3.3
Fighting       | |  2.8
Stealth        | |  1.1
Unarmed Combat | |  4.6

Action                   |  1- 3 |  4- 6 || total
-------------------------+-------+-------++-------
Melee: Unarmed           |    47 |    23 ||    70
       Punch             |     2 |       ||     2
  Use: Potion            |       |     1 ||     1
  Eat: Chunk             |     7 |       ||     7
Armor: Robe              |    13 |     9 ||    22
       Skin              |       |     1 ||     1
Dodge: Dodged            |    25 |    16 ||    41
